 Dungeon Crawl Stone Soup version 0.28-a0-447-g1f95980246 (console) character file.

Game seed: 2063334070784225689

93940 nht the Nimble (level 16, -6/193 HPs)
             Began as a Merfolk Berserker on Sept 12, 2021.
             Was the Champion of Trog.
             Mangled by a balrug (9 damage)
             ... in a Gauntlet.
             The game lasted 00:55:43 (20890 turns).

nht the Nimble (Merfolk Berserker)                 Turns: 20890, Time: 00:55:44

Health: -6/193     AC: 10    Str: 23    XL:     16   Next: 10%
Magic:  14/16      EV: 22    Int:  7    God:    Trog [******]
Gold:   145        SH: 12    Dex: 22    Spells: 15/15 levels left

rFire   + . .      SeeInvis +   b - +10 dagger of Zofist {venom, Dex+3}
rCold   . . .      Faith    .   z - +0 kite shield
rNeg    + . .      Spirit   .   F - +2 leather armour {rF+}
rPois   +          Reflect  .   (no helmet)
rElec   .          Harm     .   w - +1 cloak {rPois}
rCorr   .          Rampage  .   (no gloves)
Will    ++...      NoTele   +   J - +2 pair of boots of Dice, Bag, and Bottle {Will+ Str+5}
Stlth   ..........              G - amulet of regeneration
HPRegen 1.42/turn               W - ring of Shadows {Umbra +Inv Stlth+}
MPRegen 0.15/turn               k - ring "Jizoc" {rN+ SInv}

@: berserking, wreathed by umbra, very quick
A: (nimble swimmer 2), mertail
a: Renounce Religion, Evoke Invisibility, Berserk, Trog's Hand, Brothers in Arms


You were in a Gauntlet.
You worshipped Trog.
Trog was exalted by your worship.
You visited 3 branches of the dungeon, and saw 21 of its levels.
You also visited: Gauntlet.

You collected 2132 gold pieces.
You spent 1987 gold pieces at shops.

Inventory:

Hand Weapons
 b - the +10 dagger of Zofist (weapon) {venom, Dex+3}
   (You found it on level 5 of the Dungeon)

   It poisons the flesh of those it strikes.
   Dex:       It affects your dexterity (+3).
 Y - the +9 staff of Wucad Mu {*channel}
   (You found it in a Gauntlet)

   It occasionally powers its wielder's spells, but with a chance of causing
   confusion or draining the wielder's intelligence.
   It becomes more likely to activate and less likely to backfire with increased
   Evocations skill.
   Trog disapproves of the use of such an item.
Missiles
 j - 2 boomerangs of dispersal
 n - 2 throwing nets
 v - 4 atropa-tipped darts
 B - 66 poisoned darts
 D - 40 boomerangs
 E - 20 javelins
 H - 8 silver boomerangs
 L - a curare-tipped dart (quivered)
Armour
 w - a +1 cloak of poison resistance (worn)
 z - a +0 kite shield (worn)
 F - a +2 leather armour of fire resistance (worn)
 J - the +2 pair of boots of Dice, Bag, and Bottle (worn) {Will+ Str+5}
   (You found it on level 8 of the Dungeon)

   Str:       It affects your strength (+5).
   Will:      It increases your willpower.
 K - +0 acid dragon scales
 N - the +3 salamander hide armour {Flames rF++ rC--}
   (You bought it in a shop on level 2 of the Orcish Mines)

   It surrounds you with a cloud of flames.
   It grants immunity to clouds of flame.
   It enhances your fire magic.
   rF:        It greatly protects you from fire.
   rC:        It makes you very vulnerable to cold.
 Q - the +0 robe of Cyosom {+Inv Will++}
   (You found it on level 6 of the Lair of Beasts)

   +Inv:      It lets you turn invisible.
   Will:      It greatly increases your willpower.
Jewellery
 k - the ring "Jizoc" (right hand) {rN+ SInv}
   (You found it on level 9 of the Dungeon)

   [ring of see invisible]

   rN:        It protects you from negative energy.
   SInv:      It lets you see invisible.
 x - an amulet of reflection
 y - a ring of flight
 G - an amulet of regeneration (around neck)
 R - a +4 ring of evasion
 W - the ring of Shadows (left hand) {Umbra +Inv Stlth+}
   (You bought it in a shop on level 2 of the Orcish Mines)

   [ring of stealth]

   It surrounds you with an aura of shadow, increasing your stealth and reducing
   the accuracy of all within it (including the wearer).
   +Inv:      It lets you turn invisible.
   Stlth:     It makes you more stealthy.
Wands
 a - a wand of digging (3)
 r - a wand of paralysis (11)
 T - a wand of iceblast (3)
 V - a wand of flame (27)
Scrolls
 g - a scroll of summoning
 m - a scroll of fog
 q - 9 scrolls of teleportation
 s - 7 scrolls of immolation
 u - 7 scrolls of magic mapping
 A - a scroll of holy word
 C - 4 scrolls of vulnerability
 I - 2 scrolls of enchant weapon
 O - a scroll of brand weapon
 P - 4 scrolls of blinking
 S - a scroll of enchant armour
 Z - 4 scrolls of identify
Potions
 c - 13 potions of curing
 d - 5 potions of attraction
 e - 2 potions of lignification
 f - 2 potions of flight
 h - 3 potions of berserk rage
 l - 5 potions of resistance
 o - 4 potions of cancellation
 p - a potion of mutation
 t - 9 potions of heal wounds
 U - 2 potions of invisibility
 X - a potion of might
Miscellaneous
 i - a box of beasts
 M - a piece from Xom's chessboard (15/15)


   Skills:
 + Level 12.8 Fighting
 - Level 10.0 Short Blades
 - Level 8.5 Polearms
 * Level 14.1 Throwing
 - Level 1.3 Armour
 + Level 14.6 Dodging
 + Level 12.0 Stealth
 + Level 7.3 Shields
 + Level 9.8 Evocations


You had 15 spell levels left.
You didn't know any spells.
Your spell library was empty.

Dungeon Overview and Level Annotations

Branches:
Dungeon (13/15)            Temple (0/1) D:7            Lair (6/6) D:9
  Swamp (0/4) Lair:3       Spider (0/4) Lair:3        Slime (0/5) Lair:5
    Orc (2/2) D:9             Elf (0/3) Orc:2       Gauntlet (1/1)
 Vaults: D:13-14

Altars:
Ashenzari
Cheibriados
Elyvilon
Gozag
Hepliaklqana
Kikubaaqudgha
Nemelex Xobeh
Sif Muna
Trog
Uskayaw
Xom
Yredelemnul
Zin
Beogh

Shops:
D:12 ?(:*?   Orc:1 [   Orc:2 *[=(

Annotations:
D:3 1 runed translucent door Gauntlet 9 transporters


Innate Abilities, Weirdness & Mutations

((You are quick and stealthy near water. (Stealth+, EV+, Speed+++)))
Your lower body shifts to a powerful aquatic tail in water.


Message History

You puncture the balrug!
The balrug is moderately wounded.
You hit the balrug but do no damage.
The balrug is moderately wounded.
The balrug gestures at you.
The fireball explodes!
The fireball engulfs you!! You resist.
The fireball engulfs the balrug.
The balrug completely resists.
You miss the balrug.
The balrug is moderately wounded.
You block the balrug's attack.
You barely miss the balrug.
The balrug is moderately wounded.
The balrug hits you with a +1 demon whip of flaming!
* * * LOW HITPOINT WARNING * * *
You are engulfed in flames!
You resist.
* * * LOW HITPOINT WARNING * * *
The balrug burns you.
* * * LOW HITPOINT WARNING * * *
A red film seems to cover your vision as you go berserk!
You feel yourself moving faster!
You feel mighty! The balrug barely misses you.
You puncture the balrug!
The balrug is heavily wounded.
You closely miss the balrug.
The balrug is heavily wounded.
The balrug hits you with a +1 demon whip of flaming.
* * * LOW HITPOINT WARNING * * *
You are engulfed in flames!
You resist.
* * * LOW HITPOINT WARNING * * *
You puncture the balrug!
The balrug is severely wounded.
You puncture the balrug!
The balrug is severely wounded.
The balrug gestures at you. The bolt of fire misses you.
You puncture the balrug!
The balrug is almost dead.
The balrug hits you with a +1 demon whip of flaming!!
* * * LOW HITPOINT WARNING * * *
You are engulfed in flames!
You resist.
You die...

███...8.█...█..§≈8≈...█..
█.....█.©.█...§§....█.©
███..███████████.§.██████
█8█..█?.§§©..≈=█...█W?█.©
███..█.§§§.≈.≈.█...██..█.
█..█.≈≈.§.§..█...█.█..█
███..█.≈.≈≈≈.≈.█...█..█..
█8█..█≈..≈.≈§≈≈█...██P.█.
███..█≈.≈..§≈..█...█.█P.█
█..█©≈.≈≈.≈§.█...█..█.©
███..█.§@.≈..≈.█...█...█.
█8█..█..≈2...≈.█...█....█
███..███████████...██████
█.....█.©.█....≈....█.©
███...8.█...█...≈8≈...█..
█8█.....█.©.█....≈....█.©
███..███████████...██████
█..█....©....█...█..G.©
███..█.█^...^█.█...█.██..
█8█..█.██...██.█...█.█.██
███..█.^█████^.█...█..██.


You could see a balrug (poisoned).

Vanquished Creatures
  Rupert (Lair:5)
  3 orc warlords
  A dire elephant (Lair:5)
  4 hydras
  Erolcha (D:10)
  A centaur warrior (D:8)
  Erica (D:8)
  7 two-headed ogres
  10 death yaks
  Urug (Lair:1)
  3 orc high priests (Orc:2)
  Nergalle (Lair:1)
  Pikel (D:6)
  5 orc knights
  A wolf spider (Lair:6)
  5 cyclopes
  A will-o-the-wisp (Lair:3)
  5 orc sorcerers
  34 elephants
  A guardian serpent (Lair:6)
  9 black mambas
  A guardian serpent (shapeshifter) (Gauntlet)
  A torpor snail (Lair:2)
  A gargoyle (D:12)
  18 cane toads
  7 komodo dragons
  An unseen horror (D:12)
  2 rime drakes
  A kobold demonologist (D:8)
  5 jumping spiders (Lair:3)
  A polar bear (Lair:4)
  11 trolls
  3 hornets
  Grinder (D:6)
  5 blink frogs (Lair:4)
  2 dream sheep (Lair:2)
  4 redbacks
  A spriggan (Lair:5)
  2 shadows (D:11)
  Sigmund (D:3)
  A vampire (D:12)
  2 steam dragons
  A basilisk (Lair:6)
  A basilisk (shapeshifter) (Gauntlet)
  20 wyverns
  47 yaks
  A vampire mosquito (D:11)
  Menkaure (D:4)
  A warg (Orc:1)
  2 acid dragons
  22 water moccasins
  A floating eye (shapeshifter) (Gauntlet)
  A swamp drake (D:9)
  An ice beast (D:7)
  A sky beast (D:8)
  48 orc warriors
  A black bear (Lair:2)
  35 wolves
  8 ogres
  3 necrophages
  8 centaurs
  A lemure (D:6)
  A phantom (D:7)
  2 kobold brigands
  17 bullfrogs
  2 gnoll sergeants
  A scorpion (Lair:4)
  A wyvern skeleton (D:7)
  5 killer bees (D:11)
  A water moccasin skeleton (D:6)
  7 wights
  8 howler monkeys
  6 electric eels
  3 bullfrog zombies
  2 hounds
  15 jellies
  3 bullfrog skeletons
  Crazy Yiuf (D:4)
  4 centaur zombies
  21 orc priests
  2 gnoll shamans (D:9)
  Terence (D:3)
  2 iguanas (D:7)
  21 orc wizards
  3 hell rats (Lair:4)
  A hound skeleton (D:5)
  A howler monkey zombie (D:9)
  14 gnolls
  A howler monkey skeleton (D:7)
  4 adders
  3 white imps
  A worm (D:2)
  82 orcs
  6 ball pythons
  9 endoplasms
  4 goblins
  7 hobgoblins
  10 jackals
  6 kobolds
  2 quokkas
  3 bats
  3 frilled lizards
  A kobold skeleton (D:3)
  5 rats
663 creatures vanquished.

Vanquished Creatures (collateral kills)
  A boulder beetle (Lair:4)
  A lindwurm (Lair:4)
  5 elephants
  A jumping spider (Lair:3)
  2 blink frogs (Lair:4)
  A redback (Lair:3)
  An ice beast (D:8)
  An orc warrior (Orc:1)
  A kobold brigand (D:8)
  4 hell rats (Lair:4)
18 creatures vanquished.

Vanquished Creatures (others)
  2 foxfires (Lair:3)
  114 fungi
  130 plants
  14 withered plants (Gauntlet)
260 creatures vanquished.

Grand Total: 941 creatures vanquished

Notes
Turn   | Place    | Note
-------+----------+-------------------------------------------
     0 | D:1      | nht the Merfolk Berserker began the quest for the Orb.
     0 | D:1      | Reached XP level 1. HP: 18/18 MP: 1/1
   187 | D:1      | Reached XP level 2. HP: 20/24 MP: 2/2
  1066 | D:2      | Reached XP level 3. HP: 24/30 MP: 3/3
  1078 | D:2      | Reached skill level 5 in Polearms
  1569 | D:2      | Reached ** piety under Trog
  2037 | D:3      | Reached XP level 4. HP: 32/37 MP: 4/4
  2038 | D:3      | Found a broken altar of Ashenzari.
  2053 | D:3      | Noticed Terence
  2067 | D:3      | Killed Terence
  2068 | D:3      | Reached XP level 5. HP: 25/43 MP: 5/5
  2188 | D:3      | Found a runed translucent door.
  2188 | D:3      | Noticed a human
  2192 | D:3      | Found a basalt altar of Yredelemnul.
  2686 | D:3      | Noticed Sigmund
  2701 | D:3      | Killed Sigmund
  2702 | D:3      | Reached skill level 5 in Fighting
  2702 | D:3      | Reached skill level 5 in Dodging
  2702 | D:3      | Reached XP level 6. HP: 51/51 MP: 6/6
  2843 | D:3      | Found a hide-covered altar of Uskayaw.
  2846 | D:3      | Found a snail-covered altar of Cheibriados.
  2856 | D:3      | Found a white marble altar of Elyvilon.
  2859 | D:3      | Found a glowing silver altar of Zin.
  2945 | D:3      | Found a shimmering altar of Xom.
  3039 | D:3      | Found a hazy altar of Hepliaklqana.
  3064 | D:3      | Found a sparkling altar of Nemelex Xobeh.
  3064 | D:3      | Found an opulent altar of Gozag.
  3253 | D:4      | Noticed Menkaure
  3260 | D:4      | Killed Menkaure
  3261 | D:4      | Reached XP level 7. HP: 56/56 MP: 7/7
  3345 | D:4      | Found a shimmering blue altar of Sif Muna.
  3463 | D:4      | Found a runed translucent door.
  3464 | D:4      | Noticed Crazy Yiuf
  3783 | D:4      | Killed Crazy Yiuf
  3859 | D:5      | Entered Level 5 of the Dungeon
  4222 | D:5      | Noticed a wyvern
  4233 | D:5      | Killed a wyvern
  4597 | D:5      | Reached XP level 8. HP: 65/65 MP: 8/8
  4736 | D:5      | Identified the +10 dagger of Zofist {venom, Dex+3}
  4959 | D:5      | Reached skill level 1 in Short Blades
  5117 | D:6      | Noticed Grinder
  5136 | D:6      | Killed Grinder
  5137 | D:6      | Reached skill level 5 in Short Blades
  5161 | D:6      | Noticed Pikel
  5163 | D:6      | Reached *** piety under Trog
  5174 | D:6      | Killed Pikel
  5175 | D:6      | Reached XP level 9. HP: 38/71 MP: 9/9
  5587 | D:7      | Reached skill level 1 in Throwing
  5659 | D:7      | Reached skill level 1 in Stealth
  5688 | D:7      | Noticed a cyclops
  5716 | D:7      | Killed a cyclops
  5717 | D:7      | Reached skill level 10 in Short Blades
  5814 | D:7      | Reached XP level 10. HP: 71/79 MP: 10/10
  5968 | D:7      | Found a staircase to the Ecumenical Temple.
  6063 | D:8      | Noticed a two-headed ogre
  6072 | D:8      | Killed a two-headed ogre
  6073 | D:8      | Reached skill level 1 in Evocations
  6331 | D:8      | Reached **** piety under Trog
  6362 | D:8      | Reached skill level 5 in Throwing
  6419 | D:8      | Noticed Erica
  6436 | D:8      | Killed Erica
  6508 | D:8      | Noticed a kobold demonologist
  6519 | D:8      | Killed a kobold demonologist
  6570 | D:8      | Noticed a centaur warrior
  6573 | D:8      | Reached skill level 5 in Stealth
  6593 | D:8      | Reached XP level 11. HP: 44/87 MP: 11/11
  6603 | D:8      | Killed a centaur warrior
  6649 | D:8      | Identified the +2 pair of boots of Dice, Bag, and Bottle
                  | {Will+ Str+5}
  6741 | D:8      | Noticed a two-headed ogre
  6750 | D:8      | Killed a two-headed ogre
  7059 | D:9      | Reached skill level 10 in Dodging
  7080 | D:9      | Reached ***** piety under Trog
  7084 | D:9      | Found a staircase to the Orcish Mines.
  7465 | D:9      | Noticed a death yak
  7465 | D:9      | Noticed a death yak
  7467 | D:9      | Noticed a death yak
  7470 | D:9      | Found a staircase to the Lair.
  7470 | D:9      | Noticed a death yak
  7470 | D:9      | Noticed a death yak
  7471 | D:9      | Noticed a death yak
  7475 | D:9      | Killed a death yak
  7539 | D:9      | Killed a death yak
  7608 | D:9      | Identified the ring "Jizoc" {rN+ SInv}
  7640 | D:9      | Killed a death yak
  7697 | D:9      | Killed a death yak
  7706 | D:9      | Killed a death yak
  7707 | D:9      | Reached skill level 5 in Evocations
  7717 | D:9      | Killed a death yak
  7718 | D:9      | Reached XP level 12. HP: 60/96 MP: 12/12
  8000 | D:9      | Identified the +0 robe of the Equator {Will+}
  8023 | Lair:1   | Entered Level 1 of the Lair of Beasts
  8064 | Lair:1   | Noticed a five-headed hydra
  8077 | Lair:1   | Killed a five-headed hydra
  8919 | Lair:2   | Reached skill level 10 in Fighting
  9092 | Lair:1   | Received a gift from Trog
  9167 | Lair:1   | Reached skill level 10 in Throwing
  9247 | Lair:1   | Noticed Urug
  9274 | Lair:1   | Killed Urug
  9654 | Lair:1   | Reached XP level 13. HP: 104/104 MP: 13/13
  9683 | Lair:1   | Noticed Nergalle
  9700 | Lair:1   | Killed Nergalle
  9701 | Lair:1   | Reached skill level 1 in Shields
 10464 | Lair:3   | Found a hole to the Spider Nest.
 11416 | Lair:3   | Found a staircase to the Swamp.
 11716 | Lair:4   | Received a gift from Trog
 11725 | Lair:4   | Reached XP level 14. HP: 113/113 MP: 14/14
 11837 | Lair:4   | Reached skill level 10 in Stealth
 13266 | Lair:5   | Found a staircase to the Slime Pits.
 13309 | Lair:5   | Reached skill level 5 in Shields
 13335 | Lair:5   | Received a gift from Trog
 13709 | Lair:5   | Noticed a dire elephant
 13740 | Lair:5   | HP: 8/171 [dire elephant (10)]
 13745 | Lair:5   | Killed a dire elephant
 13768 | Lair:5   | needed this bro before
 13938 | Lair:5   | Noticed Rupert
 13945 | Lair:5   | Killed Rupert
 14089 | Lair:6   | Entered Level 6 of the Lair of Beasts
 14319 | Lair:6   | Reached XP level 15. HP: 120/120 MP: 15/15
 14405 | Lair:6   | Received a gift from Trog
 14439 | Lair:6   | Identified the +0 robe of Cyosom {+Inv Will++}
 14711 | Lair:6   | Identified the +1 mace of Alliotwiora {spect, rPois rC+}
 15183 | Lair:6   | Identified the +0 leather armour of Wu Jian's Condemnation
                  | {Str+7}
 15307 | D:10     | Entered Level 10 of the Dungeon
 15311 | D:10     | Noticed Erolcha
 15347 | D:10     | Killed Erolcha
 15396 | D:10     | Found a bloodstained altar of Trog.
 15467 | D:10     | Found an ancient bone altar of Kikubaaqudgha.
 16655 | D:12     | Found Uffunaap's Weapon Shop.
 16658 | D:12     | Bought 4 javelins for 41 gold pieces
 16675 | D:12     | Found Vialu's Book Boutique.
 16678 | D:12     | Found Fuitae's General Store.
 16689 | D:12     | Found Arphaogy's Magic Scroll Shop.
 16705 | D:12     | Reached ****** piety under Trog
 16709 | D:12     | Bought a potion of cancellation for 80 gold pieces
 16860 | D:12     | Bought a scroll of immolation for 52 gold pieces
 16860 | D:12     | Bought a scroll of blinking for 112 gold pieces
 16860 | D:12     | Bought a scroll of magic mapping for 52 gold pieces
 16895 | D:12     | Bought a scroll of identify for 30 gold pieces
 16895 | D:12     | Bought a scroll of identify for 30 gold pieces
 16895 | D:12     | Bought a scroll of identify for 30 gold pieces
 16895 | D:12     | Bought a scroll of identify for 30 gold pieces
 17022 | D:12     | Received a gift from Trog
 17164 | D:12     | Found Het Ece's Magic Scroll Shoppe.
 17171 | D:12     | Bought a scroll of blinking for 105 gold pieces
 17171 | D:12     | Bought a scroll of summoning for 133 gold pieces
 17171 | D:12     | Bought a scroll of teleportation for 42 gold pieces
 17985 | Orc:1    | Entered Level 1 of the Orcish Mines
 17993 | Orc:1    | Noticed an orc warlord
 18002 | Orc:1    | Killed an orc warlord
 18010 | Orc:1    | Noticed an orc warlord
 18075 | Orc:1    | Killed an orc warlord
 18156 | Orc:1    | Found a runed translucent door.
 18665 | Orc:2    | Entered Level 2 of the Orcish Mines
 18724 | Orc:1    | Received a gift from Trog
 19148 | Orc:1    | Found Pelit's Armour Boutique.
 19169 | Orc:1    | Bought a +0 kite shield for 63 gold pieces
 19378 | Orc:2    | Found a staircase to the Elven Halls.
 19384 | Orc:2    | Found Iddeuror's Antique Weapon Shoppe.
 19462 | Orc:2    | Noticed an orc warlord
 19631 | Orc:2    | Killed an orc warlord
 19885 | Orc:2    | Found Ratik's Jewellery Shoppe.
 19894 | Orc:2    | Received a gift from Trog
 19902 | Orc:2    | Reached XP level 16. HP: 129/129 MP: 16/16
 19917 | Orc:2    | Found Mihiak's General Store.
 19939 | Orc:2    | Bought a potion of resistance for 150 gold pieces
 20092 | Orc:2    | Found Buntaman's Antique Armour Boutique.
 20359 | Orc:2    | Bought the +3 salamander hide armour {Flames rF++ rC--} for
                  | 517 gold pieces
 20359 | Orc:2    | Found the +3 salamander hide armour {Flames rF++ rC--}
 20378 | Orc:2    | wow
 20383 | Orc:2    | Bought the ring of Shadows {Umbra +Inv Stlth+} for 520 gold
                  | pieces
 20383 | Orc:2    | Found the ring of Shadows {Umbra +Inv Stlth+}
 20618 | D:13     | Found a gate leading to a gauntlet.
 20626 | Gauntlet | Entered a Gauntlet
 20626 | Gauntlet | Found a transporter.
 20626 | Gauntlet | Found a transporter.
 20626 | Gauntlet | Found a transporter.
 20630 | Gauntlet | Found a transporter.
 20630 | Gauntlet | Found a transporter.
 20644 | Gauntlet | Found a transporter.
 20644 | Gauntlet | Found a transporter.
 20654 | Gauntlet | Found a transporter.
 20745 | Gauntlet | Found the +9 staff of Wucad Mu {*channel}
 20747 | Gauntlet | Found a transporter.
 20755 | Gauntlet | Found a transporter.
 20759 | Gauntlet | Found a transporter.
 20771 | Gauntlet | Found a transporter.
 20890 | Gauntlet | HP: 3/193 [balrug (23)]
 20890 | Gauntlet | Mangled by a balrug

Illustrated notes

..............................███
█.............................█..
P.........♣♣♣♣♣♣♣♣♣♣♣♣......†....
........♣♣♣♣♣♣♣♣♣.♣♣♣♣♣♣.........
.......♣♣♣..........♣♣.♣♣).......
......♣♣ ♣..............♣♣.......
......♣ ...P......PP...♣ ♣.....█.
.....♣♣ ....)...÷..:P....♣♣†..█.P
....♣♣ .....÷.÷÷.......♣♣♣♣.....
....♣ ....÷÷÷..÷÷†.....♣ ♣.....
....♣ ......÷.@..÷÷.P... ♣.....
....♣ ..........T......... ♣.....
....♣ .P...÷....≈......... ♣.....
....♣♣.....÷.÷.≈≈..†..÷... ♣.....
....♣♣...†.÷..P≈≈≈...÷.... ♣.....
....♣♣.........†≈†.÷...... ..██.
█...♣♣..P......≈≈..÷...... ♣...██
██..♣..P...÷÷..≈...÷...... ♣.....
██..♣♣........≈≈.......... ♣.....
█..♣♣.♣..P..≈≈......P..♣♣♣♣.....
██...♣♣♣.....≈...........♣♣......


Turn 13768 on Lair:5: needed this bro before ██...............██.██
█....................█ █..................... ████....█.█............█
██.█.............)......█ █.......................█
█████.....█...█..........█.██ ███..........█....P)........██
█....P.P............P.......█ █ ██..........█.█○○...........████
█P..........☼.○@°............█.█ █..P.......○.○█○☼8..∩.......█...
█.....∩..°...██..............█.█ █..........°..█.................
█...8...........).....P).....█.. ██.......).█.....P...))....███..
█.........█...........█████ ██. ███.....██....█......██ ██..
██.......█.........█.██ ████.█. ██..........).█....███.████......
█.█.█........███...██....█....... Turn 20378 on Orc:2: wow

Levels and vault maps discovered:
D:1:      nicolae_arrival_somewhat_less_tricky_arrival, layout_basic
D:2:      layout_loops_ring, minmay_door_square, st_stairs_6
D:3:      layout_loops_ring, grunt_temple_overflow_opulence,
          nicolae_ashenzari_skybound, dk_yredelemnul_ordeal,
          mainiacjoe_overflow_cross_hatched, overflow_temple_1_default,
          grunt_temple_overflow_cloverleaf, uniq_sigmund, uniq_terence
D:4:      layout_basic, mainiacjoe_overflow_alcove_1, uniq_crazy_yiuf_cottage,
          uniq_menkaure
D:5:      layout_basic, nrook_pool_corridor
D:6:      layout_rooms, minmay_misc_feat_plants, minmay_misc_feat_rows,
          uniq_pikel, uniq_grinder
D:7:      layout_rooms, temple_hall, kennysheep_generic_room_7
D:8:      layout_loops_ring, minmay_joined_circles, uniq_erica
D:9:      layout_rooms, dpeg_lair_monsters, erik_orc_1, serial_bayou,
          serial_bayou_pond_e, serial_bayou_lake_a, serial_bayou_pond_b,
          serial_bayou_crossing, serial_bayou_pond_e, serial_bayou_lagoon_a
D:10:     layout_rooms, lemuel_tele_altar, mainiacjoe_overflow_paths,
          st_stairs_7, uniq_erolcha
D:11:     minmay_evil_eye, layout_cave_pods
D:12:     layout_layer_cave, serial_shops, shop, nicolae_shop_behind_doors,
          nicolae_shop_window_shopping,
          nicolae_shop_temple_entry_statues_fountains, nicolae_stop_n_shop_2
D:13:     layout_basic, gauntlet_entry_generic, okawaru_altar_gauntlet_db
Lair:1:   layout_cave_shapes, serial_bayou_ford_a,
          cheibrodos_lair_caveside_slide, lemuel_fruit_tree, uniq_nergalle,
          uniq_urug
Lair:2:   layout_cave_pods
Lair:3:   layout_cave_pods, minmay_swamp_entry_wisps,
          nicolae_spider_entry_tight_spaces, minivault_24
Lair:4:   layout_cave_pods, grunt_megastairs_1
Lair:5:   mu_elephants_graveyard, layout_gridlike,
          minmay_slime_entry_jelly_boxes, st_stairs_9,
          infiniplex_staircase_pool, uniq_rupert
Lair:6:   hangedman_lair_tendril_chambers, layout_concentric_octagons
Orc:1:    layout_diamond_mine, serial_shops, nicolae_shop_crystal, basic_altar,
          lightli_church_of_beogh
Orc:2:    grunt_orc_gardens, layout_caves, grunt_orc_garden, grunt_orc_garden,
          grunt_orc_garden, grunt_orc_garden, basic_altar,
          nicolae_orc_bridge_out
Gauntlet: gammafunk_gauntlet_hard_choice [gammafunk_gauntlet_arena_split_x,
          gammafunk_gauntlet_arena_corners, nicolae_gauntlet_arena_flowing_pool,
          gammafunk_gauntlet_arena_arrow_garden, nicolae_gauntlet_swirl,
          nicolae_gauntlet_arena_t_cross, gauntlet_exit_watery]

Skill      XL: |  1  2  3  4  5  6  7  8  9 10 11 12 13 14 15 16 |
---------------+-------------------------------------------------+-----
Dodging        | 3 4 5 6 7 8 9 10 11 12 13 14 | 14.6
Polearms       | 5 6 7 8 |  8.5
Fighting       | 4 5 6 7 8 9 10 11 12 | 12.8
Short Blades   | 8 10 | 10.0
Throwing       | 3 6 8 10 11 12 14 | 14.1
Stealth        | 2 5 7 8 9 11 12 | 12.0
Evocations     | 3 5 6 7 8 9 |  9.8
Shields        | 4 5 7 |  7.3
Armour         | |  1.3

Action                   |  1- 3 |  4- 6 |  7- 9 | 10-12 | 13-15 | 16-18 || total
-------------------------+-------+-------+-------+-------+-------+-------++-------
Melee: Spear             |   117 |    90 |    60 |       |       |       ||   267
       Dagger            |       |       |   143 |   696 |  1757 |   110 ||  2706
       Tailslap          |       |       |       |    16 |     6 |       ||    22
Throw: Dart              |       |       |       |    21 |    13 |       ||    34
Invok: Berserk           |     1 |     3 |     7 |    14 |    28 |     2 ||    55
       Brothers in Arms  |       |       |       |     1 |     5 |       ||     6
 Abil: Evoke Invisibilit |       |       |       |       |     5 |       ||     5
Evoke: Wand              |       |       |    15 |    25 |    28 |       ||    68
       Piece from Xom's  |       |       |       |       |     6 |       ||     6
       Box of beasts     |       |       |       |       |     1 |       ||     1
  Use: Scroll            |       |     3 |     2 |    15 |    11 |     1 ||    32
       Potion            |       |       |       |     2 |     1 |       ||     3
 Stab: Sleeping          |     3 |     3 |     2 |     6 |    31 |     1 ||    46
       Distracted        |     1 |       |       |       |     7 |       ||     8
       Invisible         |       |       |       |     9 |    14 |       ||    23
       Paralysed         |       |       |       |       |     3 |       ||     3
Armor: Animal skin       |     9 |     3 |     7 |       |       |       ||    19
       Leather armour    |       |       |    12 |    58 |   132 |     3 ||   205
       Robe              |       |       |       |       |    29 |     2 ||    31
Dodge: Dodged            |    30 |    29 |    92 |   355 |  1083 |    72 ||  1661
Block: Buckler           |       |       |       |       |   316 |       ||   316
       Kite shield       |       |       |       |       |    90 |    40 ||   130

Table legend: (Time is in decaauts)
 A = Elapsed time spent in this place.
 B = Non-inter-level travel time spent in this place.
 C = Inter-level travel time spent in this place.
 D = Time resting spent in this place.
 E = Time spent auto-exploring this place.
 F = Levels seen in this place.
 G = Mean time per level.
                   A        B        C        D        E       F      G
               +--------+--------+--------+--------+--------+-----+--------+
         Total |  19919 |  18658 |   1261 |    515 |  13539 |  22 |  905.4 |
       Dungeon |  10646 |  10025 |    621 |    133 |   7970 |  13 |  818.9 |
          Lair |   6771 |   6350 |    421 |    182 |   4391 |   6 | 1128.5 |
  Orcish Mines |   2250 |   2032 |    218 |    198 |   1035 |   2 | 1125.0 |
      Gauntlet |    250 |    250 |      0 |      0 |    142 |   1 |  250.0 |
               +--------+--------+--------+--------+--------+-----+--------+

Top non-repeatable levels by time:
  Lair:4: 1341 daAuts
    D:12: 1313 daAuts
  Lair:2: 1264 daAuts
  Lair:3: 1167 daAuts
   Orc:2: 1153 daAuts
     D:5: 1124 daAuts
   Orc:1: 1097 daAuts
  Lair:5: 1075 daAuts
     D:3: 1063 daAuts
     D:1: 1028 daAuts
     D:9: 1015 daAuts
     D:2: 991 daAuts
  Lair:6: 982 daAuts
  Lair:1: 940 daAuts
     D:8: 910 daAuts
